 Dungeon Crawl Stone Soup version 0.24-a0-474-g47c397e050 (webtiles) character file.

Game seed: 17751894706631311474

39 HELP the Sneak (level 3, -5/16 HPs)
             Began as a Spriggan Enchanter on July 5, 2019.
             Slain by a phantom (8 damage)
             ... on level 2 of the Dungeon.
             The game lasted 00:03:53 (979 turns).

HELP the Sneak (Spriggan Enchanter)                  Turns: 979, Time: 00:03:53

Health: -5/16      AC:  2    Str:  4    XL:     3   Next: 28%
Magic:  8/8        EV: 19    Int: 17    God:
Gold:   57         SH:  0    Dex: 18    Spells: 2/8 levels left

rFire    . . .     SeeInvis +   c - +2 dagger (elec)
rCold    . . .     Gourm    .   (shield restricted)
rNeg     . . .     Faith    .   b - +0 robe
rPois    .         Spirit   .   (helmet restricted)
rElec    .         Reflect  .   (no cloak)
rCorr    +         Harm     .   (gloves unavailable)
MR       .....                  (boots unavailable)
Stlth    +++.......             (no amulet)
HPRegen  0.05/turn              h - +2 ring of dexterity
MPRegen  0.11/turn              i - ring of resist corrosion

@: very quick
A: very small, unfitting armour, see invisible, herbivore, speed 3, slow
metabolism 2
a: no special abilities


You were on level 2 of the Dungeon.
You were not hungry.

You visited 1 branch of the dungeon, and saw 2 of its levels.

You collected 57 gold pieces.

Inventory:

Hand Weapons
 a - a +1 dagger
 c - a +2 dagger of electrocution (weapon)
Missiles
 e - 67 stones (quivered)
Armour
 b - a +0 robe (worn)
Jewellery
 h - a +2 ring of dexterity (left hand)
 i - a ring of resist corrosion (right hand)
Scrolls
 k - a scroll of teleportation
Potions
 f - a potion of haste {unknown}
 j - a potion of might {unknown}
 m - a potion of degeneration {unknown}
Comestibles
 d - 3 rations


   Skills:
 - Level 1.1 Short Blades
 + Level 3.6 Dodging
 + Level 4.9 Stealth
 + Level 3.2 Spellcasting
 * Level 4.4 Hexes


You had 2 spell levels left.
You knew the following spells:

 Your Spells              Type           Power        Failure   Level  Hunger
a - Corona                Hex            ###....      2%          1    None
c - Confuse               Hex            ###.....     9%          3    ###....
z - Ensorcelled Hibernat  Hex/Ice        ##....       11%         2    ##.....

Your spell library contained the following spells:

 Spells                   Type           Power        Failure   Level  Hunger
 Tukima's Dance           Hex            ###.....     9%          3    ###....
 Dazzling Spray           Conj/Hex       ##....       21%         3    ###....


Dungeon Overview and Level Annotations

Branches:
Dungeon (2/15)

Altars:
Xom


Innate Abilities, Weirdness & Mutations

You are very small and have problems with some larger weapons.
You are too small for most types of armour.
You have supernaturally acute eyesight. (SInv)
You are a herbivore.
You cover ground extremely quickly.
You need to consume almost no food.


Message History

The phantom is almost destroyed.
The phantom misses you.
You miss the phantom.
The phantom is almost destroyed.
The phantom completely misses you.
You hit the phantom.
The phantom is almost destroyed.
The phantom misses you.
You hit the phantom.
The phantom is almost destroyed.
The phantom closely misses you.
You hit the phantom but do no damage.
The phantom is almost destroyed.
The phantom hits you.
* * * LOW HITPOINT WARNING * * *
You hit the phantom.
The phantom is almost destroyed.
The phantom hits you!
Ouch! That really hurt!
You die...

#.# ##...###... #.#
##.#.##..# #.#
#.###..... #.#
##.#.##..# #.#
##..###..# #.##
##...###...
#####..####
#.....###.#
#........W#
#...†...##..
#..###..@.#
#.........### #.
#.......+.........+..
##....###.........###
#...#.# ##.......## #
#.###.# ##.....## #
.. .# ##...## ##. .#
.#


You could see a phantom.

Vanquished Creatures
  An ooze (D:2)
  A worm (D:2)
  A giant cockroach (D:1)
  6 goblins
  4 hobgoblins (D:1)
  4 jackals (D:2)
  A ball python (D:1)
  7 bats
  A frilled lizard (D:1)
  2 kobolds (D:1)
  A rat (D:1)
29 creatures vanquished.

Notes
Turn   | Place    | Note
-------+----------+-------------------------------------------
     0 | D:1      | HELP the Spriggan Enchanter began the quest for the Orb.
     0 | D:1      | Reached XP level 1. HP: 9/9 MP: 5/5
   143 | D:1      | Reached XP level 2. HP: 13/13 MP: 6/6
   800 | D:2      | Reached XP level 3. HP: 14/16 MP: 8/8
   804 | D:2      | Learned a level 2 spell: Ensorcelled Hibernation
   808 | D:2      | Learned a level 3 spell: Confuse
   875 | D:2      | Found a shimmering altar of Xom.
   967 | D:2      | Noticed a phantom
   979 | D:2      | Slain by a phantom

Levels and vault maps discovered:
D:1:      minmay_arrival_doors, layout_rooms
D:2:      layout_loops_corners, nicolae_overflow_crystal_walls,
          lemuel_statue_altar

Skill      XL: |  1  2 |
---------------+-------+-----
Hexes          | 4 |  4.4
Spellcasting   | 3 |  3.2
Short Blades   | |  1.1
Dodging        | |  3.6
Stealth        | |  4.9

Action                   || total
-------------------------++-------
Melee: Dagger            ||    99
 Cast: Corona            ||     3
  Use: Scroll            ||     6
 Stab: Sleeping          ||     8
Armor: Robe              ||    13
Dodge: Dodged            ||   129

Table legend:
 A = Non-vault XP
 B = Vault XP
 C = Vault XP percentage of total XP
 D = Non-vault monster count
 E = Vault monster count
 F = Vault count percentage of total count
                 A         B        C        D         E       F
            +---------+---------+-------+---------+---------+-------
      Total |      57 |       0 |   0.0 |      29 |       0 |   0.0
            +---------+---------+-------+---------+---------+-------
        D:1 |      30 |       0 |   0.0 |      19 |       0 |   0.0
        D:2 |      27 |       0 |   0.0 |      10 |       0 |   0.0
            +---------+---------+-------+---------+---------+-------
